 Dungeon Crawl Stone Soup version 0.31-a0-369-g8eba5f6939 (webtiles) character file.

Game seed: 11874643490240963940

4 drugrobin the Sneak (level 1, -6/18 HPs)
             Began as a Demigod Delver on July 29, 2023.
             Killed from afar by an orc wizard (10 damage)
             ... with a puff of flame
             ... on level 4 of the Dungeon.
             The game lasted 00:01:17 (194 turns).

drugrobin the Sneak (Demigod Delver)                 Turns: 194, Time: 00:01:18

Health: -6/18      AC:  3    Str: 13    XL:     1   Next: 40%
Magic:  3/3        EV: 11    Int: 12    God:
Gold:   16         SH:  0    Dex: 15    Spells: 0/0 levels left

rFire   . . .        a - +0 hand axe
rCold   . . .        (no shield)
rNeg    . . .        b - +0 leather armour
rPois   .            (no helmet)
rElec   .            (no cloak)
rCorr   .            (no gloves)
SInv    .            (no boots)
Will    .....        (no amulet)
Stlth   +            (no ring)
HPRegen 0.23/turn    (no ring)
MPRegen 0.08/turn

%: no passive effects
@: confused
A: high MP 1, forlorn, divine attributes
a: no special abilities


You were on level 4 of the Dungeon.
You visited 1 branch of the dungeon, and saw 2 of its levels.

You collected 16 gold pieces.

Inventory:

Hand Weapons
 a - a +0 hand axe (weapon)
Armour
 b - a +0 leather armour (worn)
Wands
 g - a wand of digging (11)
Scrolls
 c - 2 scrolls of fog
 d - a scroll of revelation
 e - a scroll of fear
Potions
 f - a potion of haste


   Skills:
 - Level 2.6 Fighting
 + Level 2.1 Axes
 - Level 1.7 Dodging
 - Level 4.5 Stealth


You couldn't memorise any spells.
You didn't know any spells.
Your spell library was empty.

Dungeon Overview and Level Annotations

Branches:
Dungeon (5/15)
 Temple: D:4-7

Shops:
D:5 *


Innate Abilities, Weirdness & Mutations

You have an increased reservoir of magic. (+10% MP)
You shall have no god before yourself.
Your divine heritage dramatically boosts your attributes as you level up.


Message History

The quokka bites you but does no damage.
In your confused state, you trip and fall back down the stairs.
The kobold hits you with a +0 short sword.
The quokka bites you.
Unknown command.
Unknown command.
Unknown command.
The orc wizard casts a spell at you.
You are more confused.
The quokka bites you but does no damage.
The kobold misses you.
In your confused state, you trip and fall back down the stairs.
The quokka bites you but does no damage.
The kobold barely misses you.
Unknown command.
Unknown command.
You are too confused!
Unknown command.
The quokka closely misses you. The quokka bites you.
The kobold hits you with a +0 short sword.
The quokka closely misses you. x2
In your confused state, you trip and fall back down the stairs.
The orc wizard barely misses you. The kobold closely misses you.
The quokka bites you. x2
Unknown command.
Unknown command.
Unknown command.
Unknown command.
Unknown command.
The orc wizard hits you but does no damage.
The kobold hits you with a +0 short sword.
* * * LOW HITPOINT WARNING * * *
The quokka closely misses you. x2
In your confused state, you trip and fall back down the stairs.
* * * LOW HITPOINT WARNING * * *
The quokka barely misses you.
The orc wizard gestures at you while chanting.
The puff of flame hits you!
Ouch! That really hurt!
You die...

## #### ..# ....#
##...##
######...####K......
##..[...#...o@r...... #
#... #.....ho.r......
#.##...##.#.##.###.....#
#.hh......#.##.# ......
#.........o....###..#..#
#......o.h#........## .#
#.##...##.#..###.#..# #
#... #.. .# .. ##.# ....
#


You could see an orc wizard, an orc, 2 quokkas, a jackal and a kobold.

Vanquished Creatures
  2 orcs (D:5)
2 creatures vanquished.

Notes
Turn   | Place    | Note
-------+----------+-------------------------------------------
     0 | D:5      | drugrobin the Demigod Delver began the quest for the Orb.
     0 | D:5      | Reached XP level 1. HP: 18/18 MP: 3/3
     5 | D:5      | Found Mamod's CLEARANCE SALE!.
    47 | D:4      | Noticed an orc wizard
   194 | D:4      | Killed from afar by an orc wizard

Illustrated notes

Levels and vault maps discovered:
D:4:      layout_loops_ring, temple_statues, minmay_bent, uniq_pikel
D:5:      layout_basic, nicolae_shop_clearance

Skill      XL: |  1 |
---------------+----+-----
Axes           | 2 |  2.1
Fighting       | |  2.6
Dodging        | |  1.7
Stealth        | |  4.5

Action                     || total
---------------------------++-------
  Melee: Hand axe          ||     6
 Armour: Leather armour    ||     7
  Dodge: Dodged            ||    15

Table legend: (Time is in decaauts)
 A = Elapsed time spent in this place.
 B = Non-inter-level travel time spent in this place.
 C = Inter-level travel time spent in this place.
 D = Time resting spent in this place.
 E = Time spent auto-exploring this place.
 F = Levels seen in this place.
 G = Mean time per level.
                   A        B        C        D        E       F      G
               +--------+--------+--------+--------+--------+-----+--------+
         Total |    195 |    176 |     19 |     60 |     18 |   2 |   97.5 |
       Dungeon |    195 |    176 |     19 |     60 |     18 |   2 |   97.5 |
               +--------+--------+--------+--------+--------+-----+--------+

Top non-repeatable levels by time:
     D:5: 180 daAuts
     D:4: 14 daAuts
